 Dungeon Crawl Stone Soup version 0.17.2-1-ge4368a0 (webtiles) character file.

52 Rottenbandages the Insei (level 3, -1/29 HPs)
             Began as a Mummy Monk on Aug 25, 2017.
             Slain by a hobgoblin
             ... wielding a +0 club
              (5 damage)
             ... on level 2 of the Dungeon.
             The game lasted 00:03:44 (2700 turns).

Rottenbandages the Insei (Mummy Monk)               Turns: 2700, Time: 00:03:44

Health: -1/29      AC:  0    Str: 14    XL:     3   Next: 60%
Magic:  3/3        EV: 13    Int:  9    God:
Gold:   92         SH:  0    Dex: 15    Spells: 0 memorised, 2 levels left

rFire  x . .     SeeInvis .       - Unarmed
rCold  + . .     Clarity  .     (no armour)
rNeg   + + +     SustAt   .     (no shield)
rPois  ∞         Gourm    .     (no helmet)
rElec  .         Spirit   .     (no cloak)
rCorr  .         Warding  .     (no gloves)
rMut   .         Stasis   .     (no boots)
MR     .....                    (no amulet)
Stlth  ++........               (no ring)
                                (no ring)

@: not resistant to hostile enchantments, unstealthy
A: no food or potions, fire vulnerability, cold resistance 1, negative energy
resistance 3, torment resistance, unbreathing
a: no special abilities


You were on level 2 of the Dungeon.
You were not hungry.

You visited 1 branch of the dungeon, and saw 2 of its levels.

You collected 92 gold pieces.


Innate Abilities, Weirdness & Mutations

You do not eat or drink.
Your flesh is vulnerable to fire.
You are immune to poison.
Your flesh is cold resistant.
You are immune to negative energy.
You are immune to unholy pain and torment.
You can survive without breathing.


   Skills:
 - Level 3.0 Fighting
 - Level 2.4 Dodging
 - Level 1.5 Stealth
 + Level 4.4 Unarmed Combat


You had 2 spell levels left.
You didn't know any spells.

Inventory:

Jewellery
 f - an uncursed amulet of the gourmand {unknown}
Scrolls
 a - a scroll of remove curse {unknown}
 b - a scroll of fear {unknown}
 c - a scroll of fog {unknown}
 d - a scroll of enchant armour {unknown}
 e - 2 scrolls of identify {unknown}
 g - a scroll of noise {unknown}

Dungeon Overview and Level Annotations

Branches:
Dungeon (2/15)

Altars:
Gozag

Annotations:
D:2 exclusions: 3 adders and goblin

..▒▒ S... ▒▒▒
▒▒▒▒▒▒▒........▒ ....
▒.>.....[......▒ .....
▒..............▒
......▒▒▒..▒▒▒▒........▒
.....rgM................
▒▒▒▒▒▒▒▒▒..▒▒▒▒▒........
......................
▒▒▒▒▒▒▒..▒▒▒▒▒.....▒▒▒
▒..▒ ▒▒▒...▒▒▒ ▒..▒
▒.▒.... ▒..▒ ▒▒▒▒▒.▒....
▒▒▒..▒▒▒..........
▒......▒..........


You could see a hobgoblin and a rat.


Message History

You pulverise the hobgoblin but do no damage!
You barely miss the hobgoblin! The hobgoblin barely misses you!
You closely miss the hobgoblin! The hobgoblin closely misses you!
You pummel the hobgoblin like a punching bag!
The hobgoblin is moderately wounded!
The hobgoblin hits you but does no damage!
You squash the hobgoblin like an ant!
The hobgoblin is heavily wounded!
The hobgoblin closely misses you!
You closely miss the hobgoblin!
The hobgoblin is heavily wounded!
You squash the hobgoblin but do no damage!
The hobgoblin is heavily wounded!
The hobgoblin hits you with a club! * * * don't die
* * * You take 4 damage, and have 9/29 hp!
You beat the hobgoblin into a bloody pulp!
The hobgoblin is almost dead!
The hobgoblin hits you with a club! * * * don't die
* * * You take 3 damage, and have 6/29 hp!
You pulverise the hobgoblin but do no damage!
The hobgoblin is almost dead!
The hobgoblin hits you with a club! * * * don't die
* * * You take 2 damage, and have 4/29 hp!
You barely miss the hobgoblin!
The hobgoblin is almost dead!
The hobgoblin hits you with a club! rip

Action                   || total
-------------------------++-------
Melee: Unarmed           ||   148
 Stab: Sleeping          ||     1

Vault maps used:
D:1:      lemuel_arrival_broad_hall, minmay_misc_feat_diagonals, minmay_cut_off
D:2:      grunt_gozag_breadcrumbs, first_bread

Notes
Turn   | Place    | Note
--------------------------------------------------------------
     0 | D:1      | Rottenbandages the Mummy Monk began the quest for the Orb.
     0 | D:1      | Reached XP level 1. HP: 18/18 MP: 1/1
   512 | D:1      | Reached XP level 2. HP: 16/24 MP: 2/2
  1194 | D:1      | Reached skill level 4 in Unarmed Combat
  1575 | D:1      | Reached XP level 3. HP: 26/29 MP: 3/3
  1725 | D:2      | Found an opulent altar of Gozag.
  2700 | D:2      | Slain by a hobgoblin

Vanquished Creatures
  An adder (D:2)
  A worm (D:2)
  2 giant geckos
  2 ball pythons (D:1)
  7 bats
  5 hobgoblins
  4 giant newts
  5 goblins
  5 kobolds
  7 rats
39 creatures vanquished.
